 Dungeon Crawl Stone Soup version 0.31.0-11-ge490571c62 (webtiles) character file.

Game seed: 4995776472303518064

6377 qw the Nimble (level 10, 0/49 HPs)
             Began as a Spriggan Hunter on Feb 5, 2024.
             Was a High Priest of Okawaru.
             Slain by a yak (6 damage)
             ... on level 8 of the Dungeon.
             The game lasted 00:02:22 (6495 turns).

qw the Nimble (Spriggan Hunter)                     Turns: 6495, Time: 00:02:23

Health: 0/49       AC:  5    Str:  7    XL:     10   Next: 65%
Magic:  17/17      EV: 27    Int: 12    God:    Okawaru [*****.]
Gold:   249        SH:  0    Dex: 22    Spells: 9/9 levels left

rFire   . . .        a - +1 arbalest (freeze)
rCold   . . .        (shield currently unavailable)
rNeg    . . .        f - +1 animal skin
rPois   .            m - +2 hat
rElec   .            (no cloak)
rCorr   .            (gloves unavailable)
SInv    +            (boots unavailable)
Will    ++...        (no amulet)
Stlth   ++           k - ring of willpower
HPRegen 0.28/turn    (no ring)
MPRegen 0.15/turn

%: no passive effects
@: very quick
A: very small, no large weapons, unfitting armour, see invisible, speed 3
a: Renounce Religion, Heroism, Finesse, Duel


You were on level 8 of the Dungeon.
You worshipped Okawaru.
Okawaru was extremely pleased with you.
You visited 3 branches of the dungeon, and saw 10 of its levels.

You collected 460 gold pieces.
You spent 211 gold pieces at shops.


Innate Abilities, Weirdness & Mutations

You are very small and have problems with some larger weapons.
You are too small for most types of armour.
You have supernaturally acute eyesight. (SInv)
You cover ground extremely quickly. (Speed+++)


   Skills:
 - Level 4.0 Fighting
 - Level 11.0 Ranged Weapons
 + Level 11.0 Dodging
 - Level 1.5 Stealth
 + Level 8.4 Invocations


You had 9 spell levels left.
You didn't know any spells.
Your spell library was empty.

Inventory:

Hand Weapons
 a - a +1 arbalest of freezing (weapon)
Armour
 f - a +1 animal skin (worn)
 m - a +2 hat (worn)
Jewellery
 d - a ring of fire
 k - a ring of willpower (left hand)
Wands
 i - a wand of polymorph (2)
Potions
 b - 3 potions of curing
 e - 3 potions of mutation
 j - a potion of berserk rage {unknown}

Dungeon Overview and Level Annotations

Branches:
Dungeon (8/15)             Temple (1/1) D:4            Lair (1/5) D:8

Altars:
Ashenzari
Cheibriados
Elyvilon
Fedhas
Gozag
Hepliaklqana
Kikubaaqudgha
Makhleb
Nemelex Xobeh
Okawaru
Qazlal
Sif Muna
Trog
Uskayaw
Vehumet
Wu Jian
Xom
Yredelemnul
Zin
The Shining One
Jiyva

Shops:
D:7 (

Annotations:
D:6 2 runed translucent doors, qw's ghost, novice SpHu


Message History

The yak completely misses you.
You shoot a bolt. The bolt hits the yak!
The bolt freezes the yak.
The yak is moderately wounded.
The yak completely misses you. x2
You shoot a bolt. The bolt hits the yak!!
The bolt freezes the yak!
You kill the yak!
Okawaru accepts your kill.
Your Ranged Weapons skill increases to level 11!
You start resting.
HP restored.
Done exploring.
What level of the Lair of Beasts? (default 1, ? - help)
You climb downwards.
Welcome back to the Lair of Beasts!
The yak completely misses you. The yak closely misses you.
There is a staircase back to the Dungeon here.
There are monsters nearby!
6487 ||| STAIRDANCE The yak gores you!
You climb upwards.
Welcome back to the Dungeon!
There is a staircase to the Lair, spattered with blood here.
You shoot a bolt. The bolt hits the yak.
The bolt freezes the yak.
The yak is lightly wounded.
The yak closely misses you.
You shoot a bolt. The bolt barely misses the yak.
The yak completely misses you. The yak gores you!
You shoot a bolt. The bolt hits the yak!
The bolt freezes the yak.
The yak is heavily wounded.
The yak closely misses you.
You shoot a bolt. The bolt barely misses the yak.
The yak misses you.
You shoot a bolt. The bolt barely misses the yak.
The yak gores you! The yak completely misses you.
You shoot a bolt. The bolt hits the yak.
The bolt freezes the yak.
The yak is severely wounded.
The yak gores you!
You shoot a bolt.
The bolt hits the yak but does no damage.
The yak is severely wounded.
The yak gores you.
You die...

.....#
#####..)#
.....#
#.....#)#
..####
#.#####[#
###
#####.#
#.#
#.....#
#)#
##.....#
#.#
#..._..#
#.##
#......#
#Y%#
#......#
#.@#
#.....##
#.##
#..####
#<#
####.##
#.#
.....#
#.#
)...##
#.# ###.#
#.# ..#.#
#.# ..#.#
#.#


You could see a yak.

Vanquished Creatures
  Gastronok (D:8)
  A two-headed ogre (D:8)
  A spriggan (D:7)
  9 yaks
  A wyvern (D:7)
  Grum (D:8)
  3 water moccasins
  An acid dragon (D:8)
  An orc warrior (D:8)
  2 sky beasts
  4 black bears
  2 ice beasts
  A centaur (D:7)
  3 wolves (D:8)
  3 phantoms
  2 kobold brigands
  A bullfrog (D:5)
  2 gnoll sergeants
  3 bombardier beetles
  A crimson imp (D:8)
  5 jellies
  3 hounds
  3 sleepcaps
  Natasha (D:3)
  5 iguanas
  3 orc wizards
  Robin (D:3)
  7 gnolls
  5 adders
  2 shadow imps
  2 white imps (D:8)
  A ribbon worm (D:2)
  2 dart slugs
  18 orcs
  7 endoplasms
  2 giant cockroaches
  15 goblins
  11 hobgoblins
  2 jackals (D:2)
  4 quokkas
  6 ball pythons
  3 bats
  A frilled lizard (D:3)
  16 kobolds
  3 rats
171 creatures vanquished.

Notes
Turn   | Place    | Note
-------+----------+-------------------------------------------
     0 | D:1      | qw the Spriggan Hunter began the quest for the Orb.
     0 | D:1      | Reached XP level 1. HP: 10/10 MP: 2/2
     0 | D:1      | 0 ||| qw: Version: 0.3-a-160-g6735b56
     0 | D:1      | 0 ||| qw: Game counter: 6556
     0 | D:1      | 0 ||| qw: Melee chars always use a shield: true
     0 | D:1      | 0 ||| qw: God list: Okawaru
     0 | D:1      | 0 ||| qw: Allow faded altars: false
     0 | D:1      | 0 ||| qw: Do Orc after clearing Dungeon:15 true
     0 | D:1      | 0 ||| qw: Do second Lair branch before Depths: true
     0 | D:1      | 0 ||| qw: Lair rune preference: random
     0 | D:1      | 0 ||| qw: Goals: Normal
     0 | D:1      | 0 ||| PLANNING D:1-11
    31 | D:1      | Reached skill level 3 in Dodging
   160 | D:1      | Found a faded altar of an unknown god.
   173 | D:1      | Reached XP level 2. HP: 14/14 MP: 3/3
   636 | D:1      | 636 ||| READING 2 scrolls labelled FAXZOXZ VA YCYGO.
   636 | D:1      | 636 ||| ENCHANTING +0 shortbow.
   637 | D:1      | 637 ||| READING scroll of enchant weapon.
   637 | D:1      | 637 ||| ENCHANTING +1 shortbow.
   638 | D:1      | 638 ||| DROPPING scroll of butterflies.
   672 | D:2      | 672 ||| READING scroll of enchant weapon.
   672 | D:2      | 672 ||| ENCHANTING +2 shortbow.
   697 | D:2      | 697 ||| DRINKING smoky emerald potion.
   704 | D:2      | Reached XP level 3. HP: 8/18 MP: 4/4
   760 | D:2      | 760 ||| FLEEEEING.
   761 | D:2      | 761 ||| FLEEEEING.
   762 | D:2      | 762 ||| FLEEEEING.
   763 | D:2      | 763 ||| FLEEEEING.
   863 | D:2      | Reached XP level 4. HP: 21/22 MP: 5/5
  1061 | D:2      | 1061 ||| READING scroll labelled XIUKER BOGHO.
  1062 | D:2      | 1062 ||| READING scroll labelled KUITY RIOTOMI.
  1062 | D:2      | 1062 ||| ENCHANTING +3 shortbow.
  1179 | D:3      | Found an opulent altar of Gozag.
  1184 | D:3      | 1184 ||| READING scroll of enchant weapon.
  1184 | D:3      | 1184 ||| ENCHANTING +3 shortbow.
  1482 | D:3      | Noticed Robin
  1500 | D:3      | Killed Robin
  1501 | D:3      | Reached XP level 5. HP: 17/26 MP: 6/6
  1550 | D:3      | 1550 ||| READING scroll of enchant weapon.
  1550 | D:3      | 1550 ||| ENCHANTING +4 shortbow.
  1552 | D:3      | Noticed Natasha
  1555 | D:3      | Killed Natasha
  1748 | D:3      | 1748 ||| READING scroll labelled KAWON CENTA.
  1748 | D:3      | 1748 ||| BRANDING +5 shortbow.
  1749 | D:3      | 1749 ||| READING scroll labelled RUGGUI OTZELOS.
  1799 | D:3      | 1799 ||| READING scroll labelled JITTONW QUSIE.
  1800 | D:3      | 1800 ||| READING 4 scrolls labelled OMOLYS WILO.
  1834 | D:4      | 1834 ||| STAIRDANCE
  1841 | D:4      | 1841 ||| STAIRDANCE
  1890 | D:4      | 1890 ||| STAIRDANCE
  2006 | D:4      | Reached skill level 6 in Ranged Weapons
  2039 | D:4      | 2039 ||| READING scroll of brand weapon.
  2039 | D:4      | 2039 ||| BRANDING +5 shortbow of freezing.
  2053 | D:4      | Found a staircase to the Ecumenical Temple.
  2054 | D:4      | 2054 ||| PLANNING TEMPLE
  2054 | D:4      | 2054 ||| READING 3 scrolls of identify.
  2054 | D:4      | 2054 ||| IDENTIFYING pink potion
  2064 | Temple   | Entered the Ecumenical Temple
  2065 | Temple   | 2065 ||| PLANNING OKAWARU WORSHIP
  2072 | Temple   | Became a worshipper of Warmaster Okawaru
  2073 | Temple   | 2073 ||| PLANNING D:1-11
  2181 | D:4      | Reached XP level 6. HP: 30/30 MP: 7/7
  2252 | D:4      | Reached skill level 6 in Dodging
  2358 | D:4      | 2358 ||| READING 2 scrolls of identify.
  2358 | D:4      | 2358 ||| IDENTIFYING glowing ruby potion
  2382 | D:5      | Entered Level 5 of the Dungeon
  2385 | D:5      | 2385 ||| STAIRDANCE
  2418 | D:5      | 2418 ||| STAIRDANCE
  2429 | D:5      | 2429 ||| STAIRDANCE
  2544 | D:5      | Noticed a sky beast
  2549 | D:5      | Killed a sky beast
  2583 | D:5      | Reached * piety under Okawaru
  2595 | D:5      | Reached XP level 7. HP: 33/35 MP: 8/8
  2607 | D:5      | Reached skill level 1 in Invocations
  2970 | D:5      | Found a blossoming altar of Fedhas.
  3008 | D:5      | Reached ** piety under Okawaru
  3231 | D:5      | 3231 ||| READING 2 scrolls of identify.
  3231 | D:5      | 3231 ||| IDENTIFYING viscous puce potion
  3232 | D:5      | 3232 ||| READING scroll of identify.
  3232 | D:5      | 3232 ||| IDENTIFYING ruby potion
  3233 | D:5      | 3233 ||| READING scroll labelled PIENIMM SUGET.
  3234 | D:5      | 3234 ||| DROPPING potion of degeneration.
  3248 | D:6      | Reached skill level 3 in Invocations
  3351 | D:6      | Reached XP level 8. HP: 30/39 MP: 11/11
  3422 | D:6      | Found a large runed translucent door.
  3424 | D:6      | Found a large runed translucent door.
  3427 | D:6      | Noticed qw's ghost (novice SpHu)
  3688 | D:6      | 3688 ||| RETREEEEATING.
  3691 | D:6      | 3691 ||| RETREEEEATING.
  3693 | D:6      | Reached skill level 3 in Fighting
  3697 | D:6      | HP: 2/40 [yak (14)]
  3698 | D:6      | 3698 ||| DRINKING potion of heal wounds.
  3787 | D:6      | Found a radiant altar of Vehumet.
  3809 | D:6      | HP: 8/40 [gnoll sergeant/+0 spear (8)]
  3810 | D:6      | Reached *** piety under Okawaru
  4066 | D:6      | Reached skill level 9 in Ranged Weapons
  4160 | D:6      | Reached skill level 9 in Dodging
  4377 | D:6      | 4377 ||| READING scroll labelled MIG WAMAUL.
  4501 | D:7      | Reached XP level 9. HP: 44/44 MP: 13/13
  4533 | D:7      | Reached **** piety under Okawaru
  4592 | D:7      | 4592 ||| SWAPPING to +0 orcbow.
  4593 | D:7      | 4593 ||| DROPPING +5 heavy shortbow.
  4594 | D:7      | 4594 ||| READING scroll of brand weapon.
  4594 | D:7      | 4594 ||| BRANDING +0 orcbow.
  4657 | D:7      | Found Podgh's Weapon Boutique.
  4668 | D:7      | 4668 ||| BUYING +1 arbalest of freezing (211 gold).
  4668 | D:7      | Bought a +1 arbalest of freezing for 211 gold pieces
  4668 | D:7      | 4668 ||| SHOPLISTING +2 arbalest of flaming (281 gold, have
                  | 89).
  4668 | D:7      | 4668 ||| SWAPPING to +1 arbalest of freezing.
  4669 | D:7      | 4669 ||| DROPPING +0 orcbow of electrocution.
  4695 | D:7      | 4695 ||| RETREEEEATING.
  4699 | D:7      | 4699 ||| RETREEEEATING.
  4702 | D:7      | 4702 ||| RETREEEEATING.
  4951 | D:7      | 4951 ||| INVOKING Finesse.
  4952 | D:7      | 4952 ||| INVOKING Heroism.
  5323 | D:7      | 5323 ||| UPGRADING to +1 hat.
  5328 | D:7      | 5328 ||| READING scroll labelled YKLEAPHIWUKK.
  5329 | D:7      | 5329 ||| DROPPING wand of flame (28).
  5331 | D:7      | 5331 ||| Stepping ~*~*~tactically~*~*~ (cloud).
  5546 | D:8      | HP: 9/44 [orc warrior/+2 vampiric war axe (5)]
  5547 | D:8      | 5547 ||| DRINKING 2 potions of heal wounds.
  5650 | D:8      | Found a staircase to the Lair.
  5685 | D:8      | Found a viscous altar of Jiyva.
  5710 | D:8      | Found a snail-covered altar of Cheibriados.
  5711 | D:8      | Noticed Gastronok
  5715 | D:8      | Noticed a two-headed ogre
  5716 | D:8      | 5716 ||| INVOKING Finesse.
  5724 | D:8      | Killed a two-headed ogre
  5725 | D:8      | Reached skill level 6 in Invocations
  5725 | D:8      | Reached XP level 10. HP: 49/49 MP: 9/15
  5781 | D:8      | 5781 ||| RETREEEEATING.
  5783 | D:8      | 5783 ||| RETREEEEATING.
  5785 | D:8      | 5785 ||| RETREEEEATING.
  5799 | D:8      | Noticed Grum
  5800 | D:8      | 5800 ||| RETREEEEATING.
  5805 | D:8      | 5805 ||| RETREEEEATING.
  5806 | D:8      | 5806 ||| RETREEEEATING.
  5809 | D:8      | HP: 12/49 [wolf[Grum] (3)]
  5810 | D:8      | 5810 ||| DRINKING potion of heal wounds.
  5816 | D:8      | HP: 12/49 [poisoned by Grum]
  5817 | D:8      | Killed Grum
  5972 | D:8      | Found an ornate altar of the Wu Jian Council.
  5972 | D:8      | Found a shimmering blue altar of Sif Muna.
  5996 | D:8      | 5996 ||| INVOKING Finesse.
  6017 | D:8      | Killed Gastronok
  6165 | D:8      | Reached ***** piety under Okawaru
  6384 | D:8      | Found a burning altar of Makhleb.
  6391 | D:8      | 6391 ||| PLANNING LAIR
  6391 | D:8      | 6391 ||| UPGRADING to +1 animal skin.
  6401 | D:8      | 6401 ||| DROPPING +0 robe.
  6402 | D:8      | 6402 ||| UPGRADING to +2 hat.
  6412 | D:8      | 6412 ||| DROPPING +1 hat.
  6413 | D:8      | 6413 ||| UPGRADING to ring of willpower.
  6414 | D:8      | 6414 ||| READING scroll of identify.
  6414 | D:8      | 6414 ||| IDENTIFYING bubbling amethyst potion
  6415 | D:8      | 6415 ||| READING scroll labelled YSOPRU GEQIYRU.
  6420 | D:8      | 6420 ||| DROPPING potion of brilliance.
  6453 | Lair:1   | Entered Level 1 of the Lair of Beasts
  6456 | Lair:1   | 6456 ||| STAIRDANCE
  6486 | Lair:1   | Noticed a cane toad
  6487 | Lair:1   | 6487 ||| STAIRDANCE
  6494 | D:8      | HP: 5/49 [yak (12)]
  6495 | D:8      | Slain by a yak

Levels and vault maps discovered:
D:1:      saegor_arrival_simple_b, layout_loops_ring,
          ebering_ecumenical_altar_abandoned
D:2:      layout_rooms, kennysheep_generic_room_11
D:3:      layout_loops_ring, mainiacjoe_overflow_cross_hatched, uniq_robin,
          uniq_natasha
D:4:      layout_basic, minmay_temple_entry_antechambers
D:5:      layout_basic, lemuel_tele_altar, amcnicky_mini_rare_corridor_liquid
D:6:      layout_loops_corners, lemuel_doored_altar, ebering_ghost_disaster_area
D:7:      layout_basic, serial_shops, shop, the_hattery
D:8:      layout_rooms, amcnicky_altar_gilded, makhleb_grotto_becter,
          gammafunk_temple_overflow_elements, lair_entry_dummy, jiyva_altar_1,
          uniq_grum, uniq_gastronok
Temple:   cyrus_circular_temple
Lair:1:   layout_misc_corridors

Skill      XL: |  1  2  3  4  5  6  7  8  9 10 |
---------------+-------------------------------+-----
Dodging        | 3 4 5 6 7 9 10 11 | 11.0
Ranged Weapons | 5 6 7 9 10 11 | 11.0
Fighting       | 2 3 4 |  4.0
Invocations    | 3 4 6 8 |  8.4
Stealth        | |  1.5

Action                     |  1- 3 |  4- 6 |  7- 9 | 10-12 || total
---------------------------+-------+-------+-------+-------++-------
   Fire: Shortbow          |    69 |   131 |   110 |       ||   310
         Arbalest          |       |       |    95 |    76 ||   171
         Orcbow            |       |       |     6 |       ||     6
 Invoke: Finesse           |       |       |     2 |     1 ||     3
         Heroism           |       |       |     1 |       ||     1
    Use: Scroll            |     3 |    11 |     6 |     2 ||    22
         Potion            |     1 |       |     2 |     1 ||     4
 Armour: Skin              |     7 |       |       |       ||     7
         Robe              |     4 |    26 |    37 |    10 ||    77
         Animal skin       |       |       |       |     7 ||     7
  Dodge: Dodged            |    16 |    45 |   114 |    50 ||   225

Table legend:
 A = Non-vault XP
 B = Vault XP
 C = Vault XP percentage of total XP
 D = Non-vault monster count
 E = Vault monster count
 F = Vault count percentage of total count
                 A         B        C        D         E       F
            +---------+---------+-------+---------+---------+-------
      Total |    6588 |    2522 |  27.7 |     146 |      25 |  14.6
            +---------+---------+-------+---------+---------+-------
        D:1 |      27 |       0 |   0.0 |      14 |       0 |   0.0
        D:2 |      97 |       2 |   2.0 |      21 |       1 |   4.5
        D:3 |      89 |      72 |  44.7 |      23 |      13 |  36.1
        D:4 |     159 |       0 |   0.0 |      13 |       0 |   0.0
        D:5 |     694 |       0 |   0.0 |      14 |       0 |   0.0
        D:6 |    1595 |       0 |   0.0 |      20 |       0 |   0.0
        D:7 |    1343 |     220 |  14.1 |      16 |       1 |   5.9
        D:8 |    2584 |    2228 |  46.3 |      25 |      10 |  28.6
            +---------+---------+-------+---------+---------+-------
